 Dungeon Crawl Stone Soup version 0.26-a0-652-gafc20e3 (webtiles) character file.

Game seed: 16080221864414132749

20307 Joyous the Blocker (level 12, -6/126 HPs)
             Began as a Troll Berserker on Oct 3, 2020.
             Was a High Priest of Trog.
             Mangled by an eight-headed hydra (12 damage)
             ... on level 5 of the Lair of Beasts.
             The game lasted 01:23:21 (11264 turns).

Joyous the Blocker (Troll Berserker)               Turns: 11264, Time: 01:23:21

Health: -6/126     AC: 25    Str: 32    XL:     12   Next: 44%
Magic:  11/11      EV: 11    Int:  3    God:    Trog [*****.]
Gold:   509        SH: 25    Dex: 11    Spells: 11/11 levels left

rFire    + . .     SeeInvis .   B - +8 lance "Wyrmbane" {slay drac, rPois rF+ rC+ AC+3}
rCold    + . .     Faith    .   m - +1 tower shield
rNeg     . . .     Spirit   .   w - +1 swamp dragon scales
rPois    +         Reflect  +   (helmet restricted)
rElec    .         Harm     .   N - +0 cloak
rCorr    .         Rampage  .   (gloves unavailable)
MR       ++...                  (boots unavailable)
Stlth    +.........             M - amulet of reflection
HPRegen  2.11/turn              H - +4 ring of protection
MPRegen  0.12/turn              z - +4 ring of protection

@: about to teleport, berserk cooldown, regenerating
A: large, unfitting armour, claws 3, agile 1, regeneration 2, robust 1, shaggy
fur 1, tough skin 3, sturdy frame 1
a: Berserk, Trog's Hand, Brothers in Arms, Renounce Religion


You were on level 5 of the Lair of Beasts.
You worshipped Trog.
Trog was extremely pleased with you.
You visited 3 branches of the dungeon, and saw 15 of its levels.

You collected 869 gold pieces.
You spent 360 gold pieces at shops.

Inventory:

Hand Weapons
 k - a +0 flail
 q - a +2 whip of venom
 s - a +2 long sword of draining
 y - a +0 giant spiked club
 B - the +8 lance "Wyrmbane" (weapon) {slay drac, rPois rF+ rC+ AC+3}
   (You found it on level 7 of the Dungeon)

   It affects your AC (+3).
   It protects you from fire.
   It protects you from cold.
   It protects you from poison.
 J - a +3 demon trident
 L - a +3 spear of freezing
 X - a +5 antimagic lajatang
Armour
 m - a +1 tower shield (worn)
 p - a +2 robe of magic resistance
 w - +1 swamp dragon scales (worn)
 N - a +0 cloak (worn)
Jewellery
 u - an uncursed ring of poison resistance
 v - an uncursed ring of flight
 z - a +4 ring of protection (right claw)
 H - a +4 ring of protection (left claw)
 I - an uncursed amulet of guardian spirit
 K - an uncursed amulet of guardian spirit
 M - an amulet of reflection (around neck)
 S - an uncursed ring of fire
 V - an uncursed amulet of magic regeneration
 W - an uncursed ring of ice
Wands
 x - a wand of polymorph (16)
 C - a wand of acid (3)
 F - a wand of disintegration (18)
 U - a wand of random effects (9)
Scrolls
 b - 8 scrolls of amnesia
 f - 2 scrolls of teleportation
 t - 6 scrolls of remove curse
 D - 5 scrolls of fear
 E - 2 scrolls of random uselessness
 P - 4 scrolls of magic mapping {unknown}
 Q - a scroll of identify
 R - 3 scrolls of blinking {unknown}
Potions
 a - 2 potions of might
 c - 2 potions of berserk rage
 d - a potion of experience {unknown}
 e - 3 potions of mutation
 g - 4 potions of curing
 h - 4 potions of lignification
 i - 4 potions of haste
 j - 3 potions of invisibility
 l - 2 potions of brilliance
 n - a potion of resistance {unknown}
 o - 2 potions of cancellation
 r - 5 potions of degeneration {unknown}
 A - a potion of flight {unknown}
 G - 3 potions of heal wounds {unknown}
 T - a potion of ambrosia {unknown}
Miscellaneous
 O - a condenser vane (2/2)


   Skills:
 + Level 6.7 Fighting
   Level 5.0(5.3) Short Blades
 + Level 2.3(4.0) Long Blades
 + Level 1.6 Maces & Flails
 + Level 8.3 Polearms
 + Level 2.9 Armour
 + Level 8.0 Dodging
 + Level 2.0 Stealth
 + Level 9.2 Shields
 + Level 4.0 Unarmed Combat


You had 11 spell levels left.
You didn't know any spells.
Your spell library was empty.

Dungeon Overview and Level Annotations

Branches:
Dungeon (9/15)             Temple (1/1) D:4            Lair (5/6) D:9
 Shoals (0/4) Lair:3       Spider (0/4) Lair:3        Slime (0/5) Lair:5
    Orc: D:9-12

Altars:
Ashenzari
Cheibriados
Dithmenos
Elyvilon
Fedhas
Gozag
Hepliaklqana
Kikubaaqudgha
Makhleb
Nemelex Xobeh
Okawaru
Qazlal
Ru
Sif Muna
Trog
Uskayaw
Vehumet
Wu Jian
Xom
Yredelemnul
Zin
The Shining One
Jiyva

Shops:
D:8 *

Annotations:
D:6 1 runed translucent door
Lair:4 exclusion: 4 oklob plants
Lair:5 Rupert


Innate Abilities, Weirdness & Mutations

You are too large for most types of armour.
You have claws for hands.
You heal very quickly.
You are covered in fur. (AC +1)
You have extremely tough skin. (AC +3)
You are agile. (Dex +2)
You are robust. (+10% HP)
Your movements are slightly less encumbered by armour. (ER -2)


Message History

The eight-headed hydra bites you but does no damage.
You block the eight-headed hydra's attack. x2
The eight-headed hydra bites you but does no damage.
The eight-headed hydra bites you.
* * * LOW HITPOINT WARNING * * *
You block the eight-headed hydra's attack.
The eight-headed hydra bites you but does no damage.
The eight-headed hydra misses you. Rupert closely misses you.
You feel yourself speed up. The eight-headed hydra bites you.
* * * LOW HITPOINT WARNING * * *
You block the eight-headed hydra's attack.
The eight-headed hydra bites you but does no damage.
You block the eight-headed hydra's attack.
The eight-headed hydra bites you.
* * * LOW HITPOINT WARNING * * *
You block the eight-headed hydra's attack.
The eight-headed hydra barely misses you.
The eight-headed hydra bites you!
You die...

.....#### ##.# ......#.## #####
#####..###
.........###.#.#####........#
.........P##....P...........####
...P......###.>................##
#....P#......._...........P......
#..#.##..........................
.........#.#.....@...............
#...(....####...@D.......#.#.....
#.......## #.........†..#...#....
......... #...........#.#..#....
......... #.#(.....P##.###.......
........ ..##...#.#######..###...
##.# ... ####### #........ . #.
#......... . .......#... ..
.......####.


You could see Rupert (berserk) and an eight-headed hydra.

Vanquished Creatures
  2 hydras (Lair:1)
  A catoblepas (Lair:2)
  7 elephants (Lair:5)
  2 black mambas (Lair:3)
  5 cane toads
  Maggie (D:6)
  6 rime drakes
  4 komodo dragons
  11 blink frogs
  6 hippogriffs
  Sigmund (D:6)
  2 basilisks
  A wyvern (Lair:2)
  20 yaks
  3 water moccasins
  3 porcupines
  3 ice beasts
  2 sky beasts (D:6)
  An eye of draining (D:9)
  2 phantoms
  3 ogres
  A centaur (D:7)
  13 crocodiles
  7 bullfrogs
  A gnoll sergeant (D:9)
  2 scorpions
  3 wights (D:7)
  A howler monkey (D:4)
  A centaur zombie (D:5)
  2 bullfrog zombies
  A hound (D:5)
  2 jellies
  9 orc wizards
  2 centaur skeletons
  2 orc priests
  5 iguanas
  Natasha (thrice) (D:2)
  A worker ant (D:7)
  A hound skeleton (D:5)
  8 gnolls
  10 adders
  A shadow imp (D:6)
  4 white imps
  5 ufetubi
  3 oozes
  3 adder skeletons
  2 worms
  4 leopard geckos
  32 orcs
  6 bats
  8 giant cockroaches
  8 goblins
  5 hobgoblins
  9 jackals
  7 quokkas
  A ball python (D:6)
  A ball python skeleton (D:4)
  12 frilled lizards
  9 kobolds
  A leopard gecko skeleton (D:4)
  A quokka zombie (D:4)
  6 rats
289 creatures vanquished.

Vanquished Creatures (collateral kills)
  A komodo dragon (Lair:2)
1 creature vanquished.

Vanquished Creatures (others)
  8 fungi
  35 plants
43 creatures vanquished.

Grand Total: 333 creatures vanquished

Notes
Turn   | Place    | Note
-------+----------+-------------------------------------------
     0 | D:1      | Joyous the Troll Berserker began the quest for the Orb.
     0 | D:1      | Reached XP level 1. HP: 22/22 MP: 0/0
    67 | D:1      | Reached XP level 2. HP: 28/29 MP: 1/1
   490 | D:2      | Reached ** piety under Trog
   497 | D:2      | Reached XP level 3. HP: 36/36 MP: 2/2
   530 | D:2      | Noticed Natasha
   549 | D:2      | Killed Natasha
   571 | D:2      | Noticed Natasha
   580 | D:2      | Killed Natasha
   580 | D:2      | Reached XP level 4. HP: 28/44 MP: 3/3
   725 | D:2      | Noticed Natasha
   733 | D:2      | Killed Natasha
  1042 | D:3      | Reached skill level 1 in Short Blades
  1042 | D:3      | Reached XP level 5. HP: 49/53 MP: 4/4
  1449 | D:3      | Reached *** piety under Trog
  1797 | D:3      | Reached XP level 6. HP: 47/61 MP: 5/5
  1949 | D:3      | Gained mutation: You are agile. (Dex +2) [potion of
                  | mutation]
  1949 | D:3      | Gained mutation: You heal very quickly. [potion of
                  | mutation]
  1949 | D:3      | Gained mutation: You are robust. (+10% HP) [potion of
                  | mutation]
  1949 | D:3      | Gained mutation: Your movements are slightly less
                  | encumbered by armour. (ER -2) [potion of mutation]
  2163 | D:4      | Reached skill level 1 in Maces & Flails
  2167 | D:4      | Found a basalt altar of Yredelemnul.
  2512 | D:4      | Reached XP level 7. HP: 70/73 MP: 6/6
  2748 | D:4      | Found a staircase to the Ecumenical Temple.
  2783 | Temple   | Entered the Ecumenical Temple
  2982 | D:5      | Entered Level 5 of the Dungeon
  3022 | D:5      | Reached skill level 1 in Shields
  3223 | D:5      | Reached **** piety under Trog
  3354 | D:5      | Reached skill level 2 in Shields
  3384 | D:5      | Got a spiked chain mail
  4103 | D:6      | Reached XP level 8. HP: 85/85 MP: 7/7
  4189 | D:6      | Reached skill level 3 in Shields
  4193 | D:6      | Noticed Maggie
  4220 | D:6      | Killed Maggie
  4220 | D:6      | Reached skill level 1 in Stealth
  4280 | D:6      | Noticed Sigmund
  4287 | D:6      | Found a glowing golden altar of the Shining One.
  4287 | D:6      | Noticed an angel
  4289 | D:6      | Found a runed translucent door.
  4291 | D:6      | Killed Sigmund
  4291 | D:6      | Reached skill level 5 in Dodging
  4296 | D:6      | Reached skill level 4 in Shields
  4542 | D:6      | Reached skill level 5 in Short Blades
  4889 | D:7      | Reached XP level 9. HP: 93/93 MP: 8/8
  4982 | D:7      | Reached skill level 1 in Long Blades
  4990 | D:7      | Found the +8 lance "Wyrmbane" {slay drac, rPois rF+ rC+
                  | AC+3}
  5032 | D:7      | Reached ***** piety under Trog
  5566 | D:8      | Found a sparkling altar of Nemelex Xobeh.
  5781 | D:8      | Found Weosalome's General Store.
  5792 | D:8      | Bought an uncursed amulet of guardian spirit for 360 gold
                  | pieces
  5818 | D:8      | Reached skill level 1 in Polearms
  5831 | D:8      | Found a snail-covered altar of Cheibriados.
  5839 | D:8      | Reached skill level 5 in Shields
  6469 | D:9      | Found a staircase to the Lair.
  6837 | Lair:1   | Entered Level 1 of the Lair of Beasts
  6843 | Lair:1   | Noticed a four-headed hydra
  6844 | Lair:1   | Noticed a komodo dragon
  6855 | Lair:1   | Killed a komodo dragon
  6855 | Lair:1   | Reached skill level 5 in Fighting
  6860 | Lair:1   | Killed a four-headed hydra
  6860 | Lair:1   | Reached XP level 10. HP: 84/105 MP: 4/9
  6963 | Lair:1   | Reached skill level 6 in Shields
  7064 | Lair:1   | Noticed a four-headed hydra
  7074 | Lair:1   | Killed a four-headed hydra
  7074 | Lair:1   | Reached skill level 5 in Polearms
  7183 | Lair:1   | Received a gift from Trog
  7852 | Lair:2   | Noticed a cane toad
  7861 | Lair:2   | Killed a cane toad
  8107 | Lair:2   | Noticed a catoblepas
  8140 | Lair:2   | Killed a catoblepas
  8140 | Lair:2   | Reached skill level 7 in Shields
  8219 | Lair:2   | Reached XP level 11. HP: 114/114 MP: 10/10
  8823 | Lair:3   | Found a gate leading to a gauntlet.
  8899 | Lair:3   | Found a hole to the Spider Nest.
  9026 | Lair:3   | Reached skill level 1 in Armour
  9223 | Lair:3   | Reached skill level 8 in Shields
  9400 | Lair:3   | Found a staircase to the Shoals.
 10543 | Lair:4   | Noticed an oklob plant
 10545 | Lair:4   | Noticed an oklob plant
 10547 | Lair:4   | Noticed an oklob plant
 10547 | Lair:4   | Noticed an oklob plant
 10564 | Lair:4   | Reached XP level 12. HP: 126/126 MP: 11/11
 10973 | Lair:5   | Received a gift from Trog
 11003 | Lair:5   | Reached skill level 9 in Shields
 11182 | Lair:5   | Found a viscous altar of Jiyva.
 11183 | Lair:5   | Found a staircase to the Slime Pits.
 11220 | Lair:5   | Noticed Rupert
 11221 | Lair:5   | Paralysed by Rupert for 2 turns
 11230 | Lair:5   | Noticed an eight-headed hydra
 11264 | Lair:5   | HP: 6/126 [eight-headed hydra (5)]
 11264 | Lair:5   | Mangled by an eight-headed hydra

Illustrated notes

Levels and vault maps discovered:
D:1:      psy_arrival_whirlpool, layout_rooms
D:2:      minmay_door_path, layout_rooms, uniq_natasha
D:3:      minmay_inner_zag, layout_basic
D:4:      layout_rooms, minmay_temple_entry_nine_rooms, grunt_ministairs_1,
          fountainhead, yredelemnul_altar_generic
D:5:      layout_basic, corner_web_ring, kennysheep_opposing_triangles
D:6:      layout_basic, lemuel_angel_altar, uniq_maggie, uniq_sigmund
D:7:      layout_basic
D:8:      layout_basic, cheibriados_altar_1, serial_shops,
          nicolae_shop_waterfront, minivault_19, nemelex_dance_club_becter
D:9:      layout_rooms, lair_entry_dummy
Temple:   regret_index_temple_sigil_plot
Lair:1:   layout_cave_shapes, serial_bayou_pond_b
Lair:2:   layout_cave_pods
Lair:3:   layout_cave_pods, elwin_shoals_entry_rocks, dummy_spider_entry,
          gauntlet_entry_generic, wad_woods_road_01, serial_bayou_shore_b,
          grunt_megastairs_4
Lair:4:   layout_big_grid, serial_bayou_pond_b, grunt_megastairs_3,
          minmay_lair_oklob_chamber
Lair:5:   layout_cave_pods, slime_altar_1, st_stairs_4, grunt_megastairs_2,
          uniq_rupert

Skill      XL: |  1  2  3  4  5  6  7  8  9 10 11 12 |
---------------+-------------------------------------+-----
Dodging        | 3 4 5 6 7 8 |  8.0
Fighting       | 3 4 5 6 |  6.7
Unarmed Combat | 4 |  4.0
Short Blades   | 1 2 3 5 |  5.0
Maces & Flails | 1 |  1.6
Shields        | 2 4 5 7 8 9 |  9.2
Stealth        | 1 2 |  2.0
Long Blades    | 2 |  2.3
Polearms       | 4 6 7 8 |  8.3
Armour         | 2 |  2.9

Action                   |  1- 3 |  4- 6 |  7- 9 | 10-12 || total
-------------------------+-------+-------+-------+-------++-------
Melee: Unarmed           |    40 |       |       |       ||    40
       Short sword       |    30 |   256 |   198 |       ||   484
       Punch             |       |     2 |       |       ||     2
       Whip              |       |     6 |       |       ||     6
       Long sword        |       |       |    84 |       ||    84
       Lance             |       |       |   150 |   588 ||   738
Invok: Berserk           |     2 |     4 |     8 |     4 ||    18
       Trog's Hand       |       |       |       |     4 ||     4
       Brothers in Arms  |       |       |       |     1 ||     1
  Use: Scroll            |       |     8 |    11 |    12 ||    31
       Potion            |       |     1 |       |     1 ||     2
 Stab: Sleeping          |       |       |     1 |       ||     1
       Petrified         |       |       |       |     1 ||     1
Armor: Animal skin       |    43 |    71 |       |       ||   114
       Robe              |       |    29 |   138 |    29 ||   196
       Swamp dragon scal |       |       |       |   236 ||   236
Dodge: Dodged            |    65 |   139 |   108 |   160 ||   472
Block: Tower shield      |       |    57 |   429 |   817 ||  1303
       Reflection        |       |       |       |     7 ||     7
       Rpst.: Long sword |       |       |    10 |       ||    10

Table legend: (Time is in decaauts)
 A = Elapsed time spent in this place.
 B = Non-inter-level travel time spent in this place.
 C = Inter-level travel time spent in this place.
 D = Time resting spent in this place.
 E = Time spent auto-exploring this place.
 F = Levels seen in this place.
 G = Mean time per level.
                   A        B        C        D        E       F      G
               +--------+--------+--------+--------+--------+-----+--------+
         Total |  11397 |  11394 |      3 |      0 |   3224 |  15 |  759.8 |
       Dungeon |   6873 |   6870 |      3 |      0 |   1557 |   9 |  763.7 |
        Temple |    148 |    148 |      0 |      0 |      0 |   1 |  148.0 |
          Lair |   4375 |   4375 |      0 |      0 |   1667 |   5 |  875.0 |
               +--------+--------+--------+--------+--------+-----+--------+

Top non-repeatable levels by time:
  Lair:3: 1301 daAuts
     D:5: 1127 daAuts
  Lair:2: 1016 daAuts
     D:3: 975 daAuts
  Lair:1: 921 daAuts
     D:4: 872 daAuts
     D:8: 860 daAuts
     D:7: 796 daAuts
  Lair:4: 723 daAuts
     D:6: 638 daAuts
     D:2: 594 daAuts
     D:9: 551 daAuts
     D:1: 457 daAuts
  Lair:5: 412 daAuts
  Temple: 148 daAuts
